[Event "Team 45 45 League T50"]
[Site "Internet Chess Club"]
[Date "2011.08.16"]
[Round "1"]
[White "jefferyx"]
[Black "bogolijubov"]
[Result "1-0"]
[WhiteElo "2173"]
[BlackElo "1790"]
[Opening "Grünfeld: exchange variation"]
[ECO "D85"]
[Time "18:27:40"]
[TimeControl "2700+45"]

1. d4 Nf6 2. c4 g6 3. Nc3 d5 4. cxd5 Nxd5 5. g3 Bg7 6. Bg2 Nb6 7. e3 O-O 8. Nge2
Nc6 9. O-O e5 10. d5 Na5 11. b3 c6 12. Ba3 Re8 13. d6 Be6 14. Qd2 Bxb3 15. axb3
Nxb3 16. Qa2 Nxa1 17. Rxa1 Qd7 18. Ne4 Rab8 19. Rd1 Nd5 20. Nc5 Qxd6 21. e4 Nb4
22. Rxd6 Nxa2 23. Rd2 b6 24. Na6 Rbd8 25. Rxa2 Rd1+ 26. Bf1 Red8 27. Nb4 c5 28.
Nd5 f5 29. Nec3 Rd4 30. exf5 gxf5 31. Ne7+ {Black resigns} 1-0

[Event "Team 45 45 League T50"]
[Site "Internet Chess Club"]
[Date "2011.08.13"]
[Round "1"]
[White "CapitanTrueno"]
[Black "loudoun"]
[Result "1/2-1/2"]
[WhiteElo "1768"]
[BlackElo "1589"]
[Opening "Sicilian: Alapin's variation (2.c3)"]
[ECO "B22"]
[Time "09:00:28"]
[TimeControl "2700+45"]

1. e4 c5 2. c3 d5 3. exd5 Qxd5 4. d4 Nf6 5. Nf3 Nc6 6. Be2 cxd4 7. cxd4 e6 8.
Nc3 Qd6 9. O-O Be7 10. Be3 O-O 11. a3 a6 12. Qb3 b5 13. Rfd1 Bb7 14. Qa2 Rac8
15. d5 exd5 16. Nxd5 Nxd5 17. Qxd5 Qxd5 18. Rxd5 Bf6 19. Rd7 Na5 20. Rb1 Be4 21.
Bd3 Bxd3 22. Rxd3 Nc4 23. Bc1 Bxb2 24. Bxb2 Nxb2 25. Rd6 a5 26. Nd2 Nc4 27. Nxc4
bxc4 28. Rc1 c3 29. Kf1 c2 30. Rd2 Rc3 31. Rdxc2 Rxa3 32. Rc8 Ra2 33. Rxf8+ Kxf8
34. Rc8+ Ke7 35. Ra8 a4 36. h4 a3 37. g3 Ke6 38. Kg2 Ra1 39. Ra7 a2 40. Ra6+ Kd5
41. Ra5+ Kc4 42. Ra7 Kb3 43. Rb7+ Ka3 44. Ra7+ Kb4 45. Rb7+ Ka5 46. Ra7+ Kb6 47.
Ra8 Kb7 48. Ra3 Kb6 49. Ra8 Kb7 50. Ra3 Kc6 51. Ra6+ Kd5 52. Ra5+ Ke4 53. Ra4+
Kf5 54. Ra5+ Kg6 55. Rg5+ Kf6 56. Ra5 h6 57. Ra6+ Kf5 58. Ra5+ Kg6 59. Kh2 {Game
drawn by mutual agreement} 1/2-1/2

[Event "Team 45 45 League T50"]
[Site "Internet Chess Club"]
[Date "2011.08.15"]
[Round "1"]
[White "rdmuhcu"]
[Black "izit"]
[Result "1-0"]
[WhiteElo "2271"]
[BlackElo "2252"]
[Opening "Trompowsky attack (Ruth, Opocenský opening)"]
[ECO "A45"]
[Time "14:00:47"]
[TimeControl "2700+45"]

1. d4 Nf6 2. Bg5 c5 3. Bxf6 gxf6 4. d5 Qb6 5. Qc1 Bh6 6. e3 d6 7. Nf3 f5 8. Bd3
e5 9. a4 O-O 10. Nfd2 f4 11. Na3 f5 12. e4 f3 13. gxf3 fxe4 14. Nac4 Qd8 15.
Bxe4 Nc6 16. dxc6 d5 17. Rg1+ Kh8 18. c7 Qd7 19. Qd1 dxe4 20. Nxe4 Qxc7 21. Qd6
Qxd6 22. Ncxd6 Rxf3 23. Ra3 Rf4 24. Nxc5 Bf8 25. Rag3 h5 26. Nxc8 Bxc5 27. Rg8+
Kh7 28. R1g7+ Kh6 29. Rg6+ Kh7 30. R8g7+ Kh8 31. Rc7 Bxf2+ 32. Ke2 Bb6 33. Rh6+
Kg8 34. Ne7+ Kf8 35. Rxb7 Re4+ 36. Kd3 Rd4+ 37. Kc3 Ba5+ 38. Kb3 Rb4+ 39. Rxb4
Bxb4 40. Nf5 {Black resigns} 1-0

[Event "Team 45 45 League T50"]
[Site "Internet Chess Club"]
[Date "2011.08.16"]
[Round "1"]
[White "QueensCounselor"]
[Black "eurander"]
[Result "1/2-1/2"]
[WhiteElo "2146"]
[BlackElo "2135"]
[Opening "QGD semi-Slav"]
[ECO "D43"]
[Time "14:00:07"]
[TimeControl "2700+45"]

1. d4 d5 2. c4 c6 3. Nf3 Nf6 4. Nc3 e6 5. Bg5 h6 6. Bxf6 Qxf6 7. e3 Nd7 8. Bd3
dxc4 9. Bxc4 g6 10. O-O Bg7 11. Rc1 O-O 12. Ne4 Qe7 13. Bb3 Rd8 14. Qc2 e5 15.
Rfd1 exd4 16. Nxd4 Nf6 17. Nc5 Nd5 18. Rd2 Kh7 19. Qe4 Qxe4 20. Nxe4 Kg8 21. h3
Kf8 22. Rcd1 a5 23. Nc5 Bf6 24. Na4 Rb8 25. Nf3 Be6 26. Nc5 b6 27. Nxe6+ fxe6
28. Nd4 Bxd4 29. Rxd4 Ke7 30. Kf1 e5 31. R4d2 Nf6 32. Rxd8 Rxd8 33. Rxd8 Kxd8
34. Ke2 Ke7 35. f4 Kd6 36. Bf7 g5 37. fxg5 hxg5 38. g3 e4 39. h4 gxh4 40. gxh4
Ke5 41. Bg6 c5 42. h5 Ng4 43. a3 b5 44. Be8 b4 45. axb4 axb4 46. Bf7 Kf6 47. Bg6
Ke5 48. Bf7 Kf6 49. Bg6 Ke5 50. Bf7 Kf6 {Game drawn by repetition} 1/2-1/2

[Event "Team 45 45 League T50"]
[Site "Internet Chess Club"]
[Date "2011.08.13"]
[Round "1"]
[White "SlimeDog2"]
[Black "jonesey"]
[Result "1-0"]
[WhiteElo "2112"]
[BlackElo "1958"]
[Opening "Queen's pawn game"]
[ECO "E10"]
[Time "14:02:49"]
[TimeControl "2700+45"]

1. d4 Nf6 2. Nf3 e6 3. c4 c5 4. d5 exd5 5. cxd5 Bd6 6. Nc3 O-O 7. e4 Re8 8. Bd3
Bc7 9. O-O d6 10. h3 a6 11. a4 Nbd7 12. Nd2 Ne5 13. Bc2 Bd7 14. f4 Ng6 15. Bd3
Rb8 16. Rb1 b5 17. axb5 axb5 18. b4 cxb4 19. Rxb4 Ba5 20. Rb3 b4 21. Ne2 Ba4 22.
Bb2 Nd7 23. Bc2 Bxb3 24. Nxb3 Bb6+ 25. Ned4 Nc5 26. Kh2 Nxb3 27. Nc6 Qc7 28.
Bxb3 Rxe4 29. f5 Ne5 30. Nxb8 Qxb8 31. f6 Qe8 32. fxg7 Ng6 33. Ba4 Qa8 34. Bc2
Rh4 35. Qe1 Rh5 36. Bxg6 hxg6 37. Qe7 Rf5 38. Rxf5 gxf5 39. Qxd6 {Black resigns}
1-0

[Event "Team 45 45 League T50"]
[Site "Internet Chess Club"]
[Date "2011.08.16"]
[Round "1"]
[White "Deckfuel"]
[Black "Gregorio"]
[Result "0-1"]
[WhiteElo "1967"]
[BlackElo "1947"]
[Opening "Ruy Lopez: fianchetto (Smyslov/Barnes) defense"]
[ECO "C60"]
[Time "20:00:17"]
[TimeControl "2700+45"]

1. e4 e5 2. Nf3 Nc6 3. Bb5 g6 4. d4 exd4 5. Bg5 Be7 6. h4 Nf6 7. Bxc6 bxc6 8.
Qxd4 c5 9. Qc3 h6 10. Be3 d6 11. Nbd2 Be6 12. O-O-O Qd7 13. Nb3 Qa4 14. a3 O-O-O
15. Nfd2 Ng4 16. Qa5 Bxb3 17. Nxb3 Qxe4 18. Rhe1 Qb7 19. Bxc5 Bxh4 20. Bxa7 Nxf2
21. Bxf2 Bxf2 22. Rf1 Be3+ 23. Kb1 f5 24. Rf3 Rhe8 25. Qc3 Qb6 26. Na5 Bc5 27.
Nc4 Qb5 28. b4 Re4 29. Nb2 Bb6 30. Rfd3 Kb7 31. Qg7 Rg4 32. R1d2 Qc6 33. g3 Ra8
34. Rxd6 Qe4 35. R6d3 Rxg3 36. Rxg3 Qe1+ 37. Rd1 Qxg3 38. Rd3 Qe1+ 39. Rd1 Qe4
40. Rd3 f4 41. Qxh6 f3 42. Qh1 Rf8 43. Rd1 g5 44. Nd3 g4 45. Re1 Qc4 46. Ne5 Qc3
47. Nxg4 Bd4 48. Kc1 Qxa3+ 49. Kd1 Qa1+ 50. Kd2 Qc3+ 51. Kd1 Ra8 {White resigns}
0-1

[Event "Team 45 45 League T50"]
[Site "Internet Chess Club"]
[Date "2011.08.11"]
[Round "1"]
[White "Woss"]
[Black "Travelreader1"]
[Result "1-0"]
[WhiteElo "2265"]
[BlackElo "2096"]
[Opening "King's pawn opening"]
[ECO "B07"]
[Time "18:00:37"]
[TimeControl "2700+45"]

1. e4 d6 2. Nc3 Nf6 3. g3 Bg4 4. f3 Bd7 5. d4 g6 6. Be3 c6 7. Qd2 b5 8. O-O-O b4
9. Nce2 a5 10. g4 Bc8 11. Kb1 h5 12. g5 Nfd7 13. Nf4 e6 14. d5 cxd5 15. Bb5 dxe4
16. Qd4 Rg8 17. Qxe4 Ra6 18. Nxe6 fxe6 19. Qxe6+ Qe7 20. Qxg8 Qxe3 21. Ne2 d5
22. Nd4 Kd8 23. Rhe1 Qf2 24. Bxa6 Bxa6 25. Ne6+ Kc8 26. Nxf8 Be2 27. Nxd7+
{Black resigns} 1-0

[Event "Team 45 45 League T50"]
[Site "Internet Chess Club"]
[Date "2011.08.13"]
[Round "1"]
[White "chess9793"]
[Black "xec"]
[Result "0-1"]
[WhiteElo "2117"]
[BlackElo "2202"]
[Opening "Sicilian: Najdorf, Byrne (English) attack"]
[ECO "B90"]
[Time "13:00:37"]
[TimeControl "2700+45"]

1. e4 c5 2. Nf3 d6 3. d4 cxd4 4. Nxd4 Nf6 5. Nc3 a6 6. Be3 e6 7. f3 b5 8. g4 h6
9. Qd2 b4 10. Na4 Nbd7 11. O-O-O Ne5 12. b3 Bd7 13. Nb2 d5 14. Bf4 Ng6 15. e5
Nxf4 16. Qxf4 Nh7 17. Qd2 Qc7 18. Re1 Bc5 19. h4 O-O 20. f4 Rfc8 21. Rh2 Qa7 22.
Nf3 a5 23. Na4 Bxa4 24. bxa4 Rab8 25. Kb2 Bb6 26. h5 Rc3 27. Bd3 Ra3 28. g5 Bd4+
29. Kb1 Bc3 30. Qe3 Qd7 31. gxh6 Rxa2 32. Bxh7+ Kxh7 33. Ng5+ Kh8 34. hxg7+ Kg8
{White resigns} 0-1

[Event "Team 45 45 League T50"]
[Site "Internet Chess Club"]
[Date "2011.08.15"]
[Round "1"]
[White "CamLeslie"]
[Black "gaibo4ever"]
[Result "0-1"]
[WhiteElo "1870"]
[BlackElo "2182"]
[Opening "King's Indian: fianchetto, Panno variation"]
[ECO "E63"]
[Time "17:41:45"]
[TimeControl "2700+45"]

1. d4 Nf6 2. c4 g6 3. g3 Bg7 4. Bg2 O-O 5. Nc3 d6 6. Nf3 Nc6 7. O-O a6 8. h3 Rb8
9. Be3 Bd7 10. Rc1 e5 11. d5 Ne7 12. g4 Ne8 13. Ne4 h6 14. g5 f5 15. gxf6 Nxf6
16. Ng3 Nf5 17. Qd2 Kh7 18. Nh2 Qc8 19. c5 Nxe3 20. Qxe3 Bxh3 21. cxd6 Bxg2 22.
Kxg2 Nxd5 23. Qe4 c6 24. e3 Qd7 25. Nf3 Qxd6 26. Rh1 Qf6 27. Rh3 Kg8 28. Rc2 Rf7
29. Nh4 Ne7 30. Qd3 Nf5 31. Nhxf5 gxf5 32. Rh5 f4 33. exf4 exf4 34. Rf5 Qg6 35.
Qc4 fxg3 {White resigns} 0-1

[Event "Team 45 45 League T50"]
[Site "Internet Chess Club"]
[Date "2011.08.15"]
[Round "1"]
[White "Morovon23"]
[Black "Zumbi"]
[Result "1/2-1/2"]
[WhiteElo "2325"]
[BlackElo "2216"]
[Opening "QGD semi-Slav: Stoltz variation"]
[ECO "D45"]
[Time "18:03:11"]
[TimeControl "2700+45"]

1. d4 d5 2. Nf3 Nf6 3. c4 e6 4. Nc3 c6 5. e3 Nbd7 6. Qc2 Bd6 7. Bd3 O-O 8. O-O
dxc4 9. Bxc4 b5 10. Be2 Bb7 {Game drawn by mutual agreement} 1/2-1/2

[Event "Team 45 45 League T50"]
[Site "Internet Chess Club"]
[Date "2011.08.13"]
[Round "1"]
[White "sandham"]
[Black "MikeA"]
[Result "1/2-1/2"]
[WhiteElo "2171"]
[BlackElo "2223"]
[Opening "King's Indian, 3.Nf3"]
[ECO "E61"]
[Time "20:10:53"]
[TimeControl "2700+45"]

1. d4 Nf6 2. Nf3 g6 3. c4 Bg7 4. Nc3 O-O 5. Bg5 d6 6. e3 c5 7. Be2 Nc6 8. O-O h6
9. Bh4 cxd4 10. Nxd4 Nxd4 11. exd4 Qb6 12. b3 Re8 13. Qd2 Bd7 14. Rfe1 Rac8 15.
Rad1 Qb4 16. Bf3 Bc6 17. Bxc6 bxc6 18. f4 a5 19. Re2 e6 20. h3 d5 21. Qd3 dxc4
22. bxc4 c5 23. Rb1 Qa3 {Game drawn by mutual agreement} 1/2-1/2

[Event "Team 45 45 League T50"]
[Site "Internet Chess Club"]
[Date "2011.08.13"]
[Round "1"]
[White "Ptzz"]
[Black "AronT"]
[Result "0-1"]
[WhiteElo "2109"]
[BlackElo "2151"]
[Opening "English: Neo-Catalan declined"]
[ECO "A14"]
[Time "07:36:18"]
[TimeControl "2700+45"]

1. c4 Nf6 2. g3 e6 3. Bg2 d5 4. Nf3 Be7 5. O-O O-O 6. Qc2 Nbd7 7. cxd5 exd5 8.
d3 c6 9. Bf4 Re8 10. Nc3 Nf8 11. Rab1 Ng6 12. Bg5 h6 13. Bxf6 Bxf6 14. b4 Bxc3
15. Qxc3 Rxe2 16. b5 Bd7 17. bxc6 bxc6 18. a4 Qc8 19. Qc5 Qa6 20. Qd6 Nf8 21.
Ne5 Be8 22. Rb8 Rxb8 23. Qxb8 f6 24. Nf3 Qxa4 25. Bh3 Bf7 26. Nh4 Re8 27. Qd6
Qb5 28. d4 Qb7 29. Bf5 Re7 30. Rc1 Be8 31. Ng2 Qc7 32. Qc5 g6 33. Bh3 f5 34. Nf4
Qd7 35. Ra1 Ne6 36. Nxe6 Qxe6 37. Rxa7 Rxa7 38. Qxa7 Qd7 39. Qc5 Kf7 40. Qc1 Kg7
41. Qf4 Qe7 42. Bf1 Bf7 43. h4 h5 44. Bd3 c5 45. dxc5 Qxc5 46. Qe5+ Kg8 47. Qb8+
Qf8 48. Qe5 Qe8 49. Qxe8+ Bxe8 50. f4 Kf7 51. Kf2 d4 52. Bc4+ Ke7 53. Ke2 Kd6
54. Kd3 Kc5 55. Bg8 Bb5+ 56. Kd2 Bc4 {White resigns} 0-1

[Event "Team 45 45 League T50"]
[Site "Internet Chess Club"]
[Date "2011.08.15"]
[Round "1"]
[White "C-Kalla"]
[Black "M-Abotreka"]
[Result "1-0"]
[WhiteElo "2245"]
[BlackElo "2065"]
[Opening "English, 1...Nf6 (Anglo-Indian defense)"]
[ECO "A15"]
[Time "13:01:00"]
[TimeControl "2700+45"]

1. c4 Nf6 2. g3 g6 3. Bg2 Bg7 4. Nc3 O-O 5. e4 d6 6. Nge2 e5 7. d3 Nc6 8. O-O
Nh5 9. Be3 f5 10. exf5 gxf5 11. f4 exf4 12. Nxf4 Nxf4 13. Bxf4 Nd4 14. Qd2 c6
15. Rae1 Ne6 16. Be3 Bd7 17. d4 Qa5 18. d5 cxd5 19. Bxd5 Kh8 20. Bxe6 Bxe6 21.
Bd4 Rae8 22. Bxg7+ Kxg7 23. Qxd6 Qb6+ 24. Qxb6 axb6 25. b3 Bd7 26. Rxe8 Rxe8 27.
Kf2 Bc6 28. Re1 Rd8 29. Rd1 Re8 30. Rd6 Re5 31. b4 b5 32. cxb5 Bxb5 33. Rb6 Bc6
34. a4 h6 35. Ne2 Re7 36. a5 Be4 37. Nf4 Rc7 38. Ne6+ {Black resigns} 1-0

[Event "Team 45 45 League T50"]
[Site "Internet Chess Club"]
[Date "2011.08.13"]
[Round "1"]
[White "frontier"]
[Black "Chess-Dream"]
[Result "1-0"]
[WhiteElo "1982"]
[BlackElo "1938"]
[Opening "QGD: 3.Nc3"]
[ECO "D31"]
[Time "19:00:37"]
[TimeControl "2700+45"]

1. c4 e6 2. Nc3 d5 3. d4 Bb4 4. Qb3 c5 5. e3 Nf6 6. Nf3 Nc6 7. a3 Bxc3+ 8. bxc3
O-O 9. cxd5 exd5 10. Be2 c4 11. Qb1 Re8 12. O-O Ne4 13. Bd2 Rb8 14. Qb2 Bf5 15.
Be1 b5 16. Nd2 a5 17. Nxe4 Bxe4 18. f3 Bg6 19. Bd2 Re7 20. Bd1 Bd3 21. Re1 Qd7
22. Bc2 Qf5 23. Bxd3 Qxd3 24. e4 dxe4 25. Re3 Qxe3+ 26. Bxe3 exf3 27. Qd2 Rbe8
28. Re1 fxg2 29. Kxg2 h6 30. Bf2 g5 31. Rxe7 Nxe7 32. Qe3 Kf8 33. Qe5 {Black
resigns} 1-0

[Event "Team 45 45 League T50"]
[Site "Internet Chess Club"]
[Date "2011.08.11"]
[Round "1"]
[White "cheVelle"]
[Black "AmrSobh"]
[Result "0-1"]
[WhiteElo "1943"]
[BlackElo "2081"]
[Opening "Petrov: Nimzovich attack"]
[ECO "C42"]
[Time "17:30:32"]
[TimeControl "2700+45"]

1. e4 e5 2. Nf3 Nf6 3. Nxe5 d6 4. Nf3 Nxe4 5. Nc3 Nxc3 6. dxc3 Be7 7. Bf4 Be6 8.
Nd4 Bd7 9. Qd2 Nc6 10. O-O-O O-O 11. Bd3 Bf6 12. f3 Ne5 13. Bf5 b5 14. Be4 Rb8
15. g4 Nc4 16. Qd3 h6 17. Nf5 Bxf5 18. Bxf5 Bg5 19. Bxg5 Qxg5+ 20. Kb1 Qe3 21.
Rhe1 Qg5 22. Re2 Rfe8 23. Rde1 Rxe2 24. Qxe2 g6 25. Bd3 d5 26. Qe7 Nd2+ 27. Ka1
Nxf3 28. Qxg5 hxg5 29. Re7 Nxh2 30. Be2 c6 31. Re3 Kg7 32. a4 bxa4 33. Re7 a5
34. c4 Kf8 35. Re3 Re8 36. Rxe8+ Kxe8 37. cxd5 cxd5 38. Kb1 f5 39. Kc1 fxg4 40.
Kd2 g3 41. Ke3 Ke7 42. Bb5 Kd6 43. Bxa4 g4 44. c3 Nf3 45. Bc2 g2 {White resigns}
0-1

[Event "Team 45 45 League T50"]
[Site "Internet Chess Club"]
[Date "2011.08.12"]
[Round "1"]
[White "egyptiantiger"]
[Black "Legal"]
[Result "1-0"]
[WhiteElo "2100"]
[BlackElo "2042"]
[Opening "Queen's pawn game"]
[ECO "A46"]
[Time "18:10:36"]
[TimeControl "2700+45"]

1. d4 Nf6 2. Nf3 e6 3. a3 b6 4. g3 Bb7 5. Bg2 c5 6. e3 Ba6 7. Nbd2 Be7 8. c4 Nc6
9. O-O O-O 10. Qc2 Rc8 11. dxc5 bxc5 12. Rd1 Qb6 13. b3 Rfd8 14. Bb2 Rb8 15.
Rab1 Na5 16. e4 Bb7 17. Bc3 Nc6 18. e5 Ne8 19. Ne4 d6 20. Neg5 g6 21. exd6 Nxd6
22. Qe2 Nf5 23. h4 Rxd1+ 24. Qxd1 Rd8 25. Qe1 Ncd4 26. Nxd4 Nxd4 27. Ba5 Qa6 28.
Bxd8 Bxd8 29. Bxb7 Qxb7 30. Qe4 Qa6 31. Qa8 Qd6 32. Ne4 Qc7 33. Nf6+ Kf8 34. Rd1
Qd6 35. Kg2 e5 36. Ne4 Qe7 37. Nxc5 Qxc5 38. Qxd8+ Kg7 39. Qd5 Qe7 40. Rxd4 exd4
41. Qxd4+ Kg8 42. b4 a5 43. Qc5 Qe4+ 44. Kh2 axb4 45. axb4 h5 46. Qd5 Qe1 47.
Qc5 Qe4 48. b5 f5 49. Qd5+ {Black resigns} 1-0

[Event "Team 45 45 League T50"]
[Site "Internet Chess Club"]
[Date "2011.08.16"]
[Round "1"]
[White "rom1"]
[Black "Jazzlines"]
[Result "1-0"]
[WhiteElo "1578"]
[BlackElo "1345"]
[Opening "Catalan: closed, 5.Nf3"]
[ECO "E06"]
[Time "13:12:48"]
[TimeControl "2700+45"]

1. d4 d5 2. c4 e6 3. g3 Nf6 4. Bg2 Be7 5. Nf3 O-O 6. cxd5 Nxd5 7. e4 Nf6 8. Nc3
Nc6 9. O-O b6 10. a3 Bb7 11. h3 h6 12. Be3 Nb8 13. Qd2 Nxe4 14. Nxe4 Bxe4 15.
Rfe1 Bb7 16. Rac1 Nd7 17. Bf4 c5 18. Qe3 cxd4 19. Qxd4 Bf6 20. Qd2 Bxf3 21. Bxf3
Rc8 22. Rcd1 e5 23. Bg4 exf4 24. Bxd7 Rc7 25. Qd6 Rc5 26. b4 Rc3 27. Qxf4 Bg5
28. Qg4 Qf6 29. f4 Bxf4 30. Qxf4 Qxf4 31. gxf4 Rf3 32. Re4 Rxh3 33. Bxh3 {Black
resigns} 1-0

[Event "Team 45 45 League T50"]
[Site "Internet Chess Club"]
[Date "2011.08.13"]
[Round "1"]
[White "mongmong"]
[Black "oldsj"]
[Result "1-0"]
[WhiteElo "1647"]
[BlackElo "1552"]
[Opening "King's Indian: East Indian defense"]
[ECO "A48"]
[Time "18:05:33"]
[TimeControl "2700+45"]

1. d4 Nf6 2. Nf3 g6 3. e3 Bg7 4. c4 d6 5. b4 O-O 6. Bb2 Nbd7 7. a4 c5 8. b5 Ne4
9. Be2 Ndf6 10. O-O b6 11. Nc3 e6 12. Nxe4 Nxe4 13. Nd2 Bb7 14. Nxe4 Bxe4 15.
Bf3 Bxf3 16. Qxf3 d5 17. cxd5 exd5 18. Rac1 Re8 19. Rc2 Rc8 20. Rfc1 c4 21. Bc3
Qd6 22. Qd1 Qe6 23. Re2 Bf8 24. f3 Bh6 25. Bd2 Bg7 26. Bc3 Bf8 27. Qc2 Bh6 28.
Rce1 Qd7 29. e4 f6 30. exd5 Rxe2 31. Qxe2 Kf7 32. Qe6+ Qxe6 33. dxe6+ Ke8 34. d5
f5 35. d6 Rd8 36. d7+ Ke7 37. Bb4+ Kf6 38. e7 Rxd7 39. e8=Q {Black resigns} 1-0

[Event "Team 45 45 League T50"]
[Site "Internet Chess Club"]
[Date "2011.08.14"]
[Round "1"]
[White "smsxman"]
[Black "realchess"]
[Result "1-0"]
[WhiteElo "1466"]
[BlackElo "1670"]
[Opening "Sicilian: Taimanov variation"]
[ECO "B45"]
[Time "13:30:33"]
[TimeControl "2700+45"]

1. e4 c5 2. Nf3 e6 3. Nc3 Nc6 4. d4 cxd4 5. Nxd4 Nf6 6. Nxc6 bxc6 7. Bd3 d6 8.
O-O Be7 9. Re1 O-O 10. Bf4 Qb6 11. b3 e5 12. Be3 Qb4 13. Bd2 Qb6 14. Be3 Qb4 15.
Bd2 Qb7 16. a3 Qc7 17. b4 Bb7 18. a4 d5 19. b5 dxe4 20. Nxe4 cxb5 21. Nxf6+ Bxf6
22. axb5 e4 23. Be2 Bxa1 24. Qxa1 Qxc2 25. Be3 Rfc8 26. h3 Qb3 27. Rb1 Qe6 28.
Bg4 Qg6 29. Bxc8 Bxc8 30. b6 Bxh3 31. g3 Qf5 32. bxa7 Rf8 33. a8=Q Qf3 34. Qxf8+
Kxf8 35. Qa3+ Ke8 36. Rb8+ Kd7 37. Rb7+ Kc6 38. Rb6+ Kc7 39. Qc3+ Kd7 40. Qc6+
Kd8 41. Rb8+ Ke7 42. Re8# {Black checkmated} 1-0

[Event "Team 45 45 League T50"]
[Site "Internet Chess Club"]
[Date "2011.08.14"]
[Round "1"]
[White "Razorbackchess"]
[Black "randallsr"]
[Result "1-0"]
[WhiteElo "1802"]
[BlackElo "1719"]
[Opening "Queen's Indian: old main line, 7.Nc3"]
[ECO "E18"]
[Time "09:10:45"]
[TimeControl "2700+45"]

1. d4 e6 2. c4 b6 3. Nf3 Bb7 4. g3 Nf6 5. Bg2 Be7 6. O-O O-O 7. Nc3 d6 8. Qc2
Nbd7 9. e4 e5 10. d5 Bc8 11. Nd2 h6 12. f4 exf4 13. gxf4 Nh7 14. Nf3 Re8 15. Nd4
Nb8 16. Be3 Bf6 17. Rae1 Bd7 18. Kh1 a6 19. Rg1 Bxd4 20. Bxd4 f6 21. e5 c5 22.
dxc6 Bxc6 23. Bxc6 Nxc6 24. Qg2 Qd7 25. Qd5+ Kh8 26. exf6 Nxf6 27. Bxf6 Rxe1 28.
Bxg7+ Qxg7 29. Rxe1 Qb7 30. Re6 Nd8 31. Re8+ {Black resigns} 1-0

[Event "Team 45 45 League T50"]
[Site "Internet Chess Club"]
[Date "2011.08.15"]
[Round "1"]
[White "Signalman"]
[Black "Heian"]
[Result "1-0"]
[WhiteElo "1575"]
[BlackElo "1657"]
[Opening "King's pawn game"]
[ECO "C21"]
[Time "16:02:34"]
[TimeControl "2700+45"]

1. e4 e5 2. d4 Nc6 3. dxe5 Nxe5 4. Nf3 Nxf3+ 5. Qxf3 Bc5 6. Bc4 Qf6 7. Nc3 c6 8.
Bf4 g5 9. Bg3 Qxf3 10. gxf3 Ne7 11. O-O-O Ng6 12. e5 a5 13. Ne4 Be7 14. Nd6+
Bxd6 15. Rxd6 b5 16. Bd3 Ne7 17. Be4 Bb7 18. h4 gxh4 19. Bxh4 Nc8 20. Rd4 h5 21.
Bf6 Rh6 22. Rg1 Ne7 23. Bg7 Re6 24. Rgd1 O-O-O 25. Bf6 Kc7 26. Rd6 Nd5 27. Bxd8+
Kxd8 28. Rxe6 fxe6 29. Rh1 Kc7 30. Rxh5 c5 31. Bxd5 Bxd5 32. f4 a4 33. Kb1 Be4
34. Kc1 Kc6 35. Rh8 Kc7 36. c3 Bd5 37. a3 Be4 38. Kd2 d6 39. Re8 Kd7 40. Rb8 Bc6
41. Kd3 d5 42. Ke3 Kc7 43. Rh8 Bd7 44. Rh7 Kc6 45. f5 exf5 46. Rh6+ Kc7 47. Rd6
Bc6 48. Kf4 Bd7 49. Rxd5 Kc6 50. Rd6+ Kc7 51. Rxd7+ Kxd7 52. Kxf5 Ke7 53. e6 Ke8
54. Kf6 Kf8 55. f4 c4 56. e7+ Ke8 57. Ke6 b4 58. cxb4 c3 59. f5 cxb2 60. f6 b1=Q
61. f7# {Black checkmated} 1-0

[Event "Team 45 45 League T50"]
[Site "Internet Chess Club"]
[Date "2011.08.13"]
[Round "1"]
[White "Invicta-Knight"]
[Black "chrisgianno"]
[Result "1-0"]
[WhiteElo "1394"]
[BlackElo "1498"]
[Opening "Center game: Berger variation"]
[ECO "C22"]
[Time "11:37:24"]
[TimeControl "2700+45"]

1. e4 e5 2. d4 exd4 3. Qxd4 Nc6 4. Qe3 Nf6 5. Bd2 Be7 6. Nc3 d5 7. exd5 Nxd5 8.
Qg3 Nxc3 9. Bxc3 Bf6 10. Bb5 O-O 11. Ne2 Re8 12. O-O Bf5 13. Rad1 Qe7 14. Bxc6
bxc6 15. Nd4 Be4 16. Rfe1 Be5 17. Rxe4 Bxg3 18. Rxe7 Bxf2+ 19. Kxf2 Rxe7 20.
Nxc6 Ree8 21. Rd7 h5 22. Rxc7 a6 23. Ne5 f6 24. Nc6 Re6 25. Ne7+ Kh7 26. Nd5 Kh6
27. Bd2+ g5 28. c4 Rae8 29. Be3 h4 30. b4 Kg6 31. a4 f5 32. g3 hxg3+ 33. hxg3
Kh5 34. Rg7 Rg6 35. Rxg6 Kxg6 36. Kf3 g4+ 37. Kf2 Re4 38. c5 Kf7 39. c6 Ke6 40.
c7 Rc4 41. Bc5 Rc2+ 42. Ke1 Kd7 43. Bb6 Rg2 44. Ne7 Rc2 45. Nxf5 Rc4 46. Ba5 Rc2
47. b5 axb5 48. axb5 Rc5 49. Nd4 Kc8 50. Ke2 Kb7 51. Ke3 Rc1 52. Kf4 Rc4 53. Ke5
Ra4 54. Nc6 Ra3 55. Ke6 Rxg3 56. Na7 Re3+ 57. Kf5 Re8 58. c8=Q+ Rxc8 59. Nxc8 g3
60. Bb6 Kxc8 61. Bg1 Kc7 62. Kg4 g2 63. Kg3 Kd6 64. Kxg2 Kd5 65. Kf3 Ke5 66. Ke3
Kd5 67. Kf4 Ke6 68. Ke4 Kd6 69. Kf5 Kd5 70. Bf2 Kd6 71. Kf6 Kd7 72. Ke5 Kc7 73.
Kd5 Kd7 74. Bc5 Kc7 75. Ke6 Kd8 76. Kd6 Kc8 77. Kc6 Kb8 78. b6 Ka8 79. b7+ Kb8
80. Bd6+ {Black resigns} 1-0

[Event "Team 45 45 League T50"]
[Site "Internet Chess Club"]
[Date "2011.08.15"]
[Round "1"]
[White "werty"]
[Black "BrerRabbit"]
[Result "1/2-1/2"]
[WhiteElo "1550"]
[BlackElo "1511"]
[Opening "King's Indian: East Indian defense"]
[ECO "A48"]
[Time "14:02:31"]
[TimeControl "2700+45"]

1. d4 Nf6 2. Nf3 g6 3. c3 Bg7 4. Bg5 O-O 5. Nbd2 d6 6. e4 c5 7. d5 h6 8. Bh4 e6
9. dxe6 Bxe6 10. Bd3 Qd7 11. O-O g5 12. Bg3 Nh5 13. Nc4 Nxg3 14. fxg3 b5 15. Ne3
a6 16. Qc2 Nc6 17. Rad1 Rad8 18. Rd2 Ne5 19. Rfd1 Qc7 20. b3 Rfe8 21. c4 b4 22.
Nd5 Qb8 23. Be2 Nc6 24. Re1 Nd4 25. Nxd4 Bxd4+ 26. Rxd4 cxd4 27. Nf6+ Kg7 28.
Nxe8+ Rxe8 29. Qd3 Qb6 30. Rd1 a5 31. Qxd4+ Qxd4+ 32. Rxd4 Rd8 33. c5 d5 34.
exd5 Rxd5 35. Rxd5 Bxd5 36. Bf3 Be6 37. c6 Kf8 38. Kf2 Ke7 39. Ke3 Kd6 40. Kd4
Bf5 41. Be4 Bg4 42. Kc4 Be2+ 43. Kd4 Bb5 44. Ke3 a4 45. Kd4 axb3 46. axb3 f6 47.
c7 Ba6 48. c8=Q Bxc8 49. Kc4 Kc7 50. Kxb4 Be6 51. Kc3 Kb6 52. Bd3 Kc5 53. Bc4
Bd7 54. Kd3 Bc6 55. Ke3 Bxg2 56. Kf2 {Game drawn by mutual agreement} 1/2-1/2

[Event "Team 45 45 League T50"]
[Site "Internet Chess Club"]
[Date "2011.08.12"]
[Round "1"]
[White "crazyhorses"]
[Black "ice-cream"]
[Result "1/2-1/2"]
[WhiteElo "1544"]
[BlackElo "1786"]
[Opening "Sicilian: Boleslavsky variation, 7.Nb3"]
[ECO "B59"]
[Time "17:00:11"]
[TimeControl "2700+45"]

1. e4 c5 2. Nf3 Nc6 3. d4 cxd4 4. Nxd4 Nf6 5. Nc3 d6 6. Be2 e5 7. Nb3 Be7 8. Be3
O-O 9. O-O a5 10. f3 a4 11. Nd2 a3 12. b3 Be6 13. Nc4 d5 14. exd5 Nxd5 15. Nxd5
Bxd5 16. Nb6 Ra5 17. c4 Be6 18. Qxd8 Bxd8 19. Rad1 Nd4 20. Bxd4 exd4 21. Nd5
Bxd5 22. cxd5 Bb6 23. Bc4 Bc5 24. b4 Bxb4 25. Rb1 b5 26. Rxb4 bxc4 27. Rxc4 Rxd5
28. Rd1 Rfd8 29. Ra4 d3 30. Rd2 Rc8 31. Rxa3 Rcd8 32. Kf2 f5 33. f4 Rd4 34. g3
Rc4 35. h4 Rc2 36. Ke3 Rc1 37. Raxd3 Re8+ 38. Kf3 Ree1 39. Rd5 g6 40. R5d3 Rf1+
41. Ke3 Rfe1+ 42. Re2 Rg1 43. Kd4 Rc8 44. Rde3 Rd1+ 45. Ke5 Re8+ 46. Kf6 Rd6+
47. Kg5 Rf8 48. h5 Rf7 49. h6 Ra6 50. Re8+ Rf8 51. Rxf8+ Kxf8 52. Rc2 Ra8 53. g4
fxg4 54. Kxg4 Kf7 55. Rc7+ Kg8 56. Rg7+ Kh8 57. Re7 Kg8 58. Re2 Kf7 59. Kg5 Ra5+
60. Kg4 Kf6 61. Rc2 Ra7 62. Rc6+ Ke7 63. f5 gxf5+ 64. Kxf5 Ra5+ 65. Kg4 Ra4+ 66.
Kf5 Ra5+ 67. Ke4 Rxa2 68. Rc7+ Kf6 69. Rxh7 Kg6 70. Rh8 Ra4+ 71. Ke5 Rh4 72.
Rg8+ Kh7 73. Rg2 Rxh6 74. Kf5 Rh5+ 75. Kf6 Rh3 76. Kg5 Rh6 77. Kf5 Rh3 78. Kg5
Rh6 79. Rg4 Rg6+ 80. Kf5 Rxg4 81. Kxg4 {Game drawn because neither player has
mating material} 1/2-1/2